 Dungeon Crawl Stone Soup version 0.31-a0-133-gaae73658be (webtiles) character file.

Game seed: 11363684928507026235

934 Esekla the Covert (level 8, -1/54 HPs)
             Began as an Octopode Delver on May 31, 2023.
             Was an Initiate of Gozag.
             Slain by an adder (3 damage)
             ... on level 6 of the Dungeon on June 2, 2023.
             The game lasted 00:19:27 (4436 turns).

Esekla the Covert (Octopode Delver)                 Turns: 4436, Time: 00:19:28

Health: -1/54      AC:  1    Str: 17    XL:     8   Next: 11%
Magic:  12/12      EV: 14    Int: 14    God:    Gozag
Gold:   1058       SH:  0    Dex: 14    Spells: 12/12 levels left

rFire   + . .        a - +9 rapier "Mon Luy" {heavy, Will+ SInv}
rCold   + . .        (no shield)
rNeg    . . .        (helmet restricted)
rPois   +            (no amulet)
rElec   +            x - +6 ring of strength
rCorr   +            (no ring)
SInv    +            (no ring)
Will    +....        (no ring)
Stlth   +++++        (no ring)
HPRegen 0.29/turn    (no ring)
MPRegen 0.13/turn    (no ring)
                     (no ring)

%: no passive effects
@: brilliant, lethally poisoned (-1 -> -4), resistant
A: almost no armour, amphibious, 8 rings, camouflage 1, gelatinous body 1,
(nimble swimmer 1), tentacles
a: Renounce Religion, Potion Petition, Call Merchant, Bribe Branch


You were on level 6 of the Dungeon.
You worshipped Gozag.
Gozag was most pleased with you.
You visited 2 branches of the dungeon, and saw 7 of its levels.

You collected 1077 gold pieces.
You paid 19 gold pieces to Gozag.

Inventory:

Hand Weapons
 a - the +9 rapier "Mon Luy" (weapon) {heavy, Will+ SInv}
   (You found it on level 3 of the Dungeon)

   SInv:      It lets you see invisible.
   Will:      It increases your willpower.
 c - a +0 scimitar
 s - a +0 dagger
Missiles
 h - 5 poisoned darts
 r - 5 boomerangs (quivered)
 z - a throwing net
Jewellery
 x - a +6 ring of strength (left tentacle)
Wands
 f - a wand of digging (3)
 j - a wand of quicksilver (7)
 y - a wand of paralysis (7)
Scrolls
 b - a scroll of fog
 d - 4 scrolls of fear
 g - a scroll of amnesia {unknown}
 i - 3 scrolls of teleportation {unknown}
 k - a scroll of noise {unknown}
 l - 3 scrolls of poison {unknown}
 m - 2 scrolls of immolation {unknown}
 q - a scroll of enchant weapon {unknown}
 u - a scroll of brand weapon {unknown}
 w - a scroll of summoning {unknown}
Potions
 e - 3 potions of haste
 n - a potion of might
 o - a potion of invisibility
 t - a potion of enlightenment {unknown}
 A - a potion of heal wounds {unknown}


   Skills:
 * Level 4.8 Fighting
 + Level 2.5(3.5) Short Blades
 * Level 3.6(4.0) Long Blades
 + Level 0.6 Throwing
 * Level 3.5 Dodging
 + Level 9.9 Stealth
 * Level 2.7 Spellcasting


You had 12 spell levels left.
You didn't know any spells.
Your spell library contained the following spells:

 Spells                   Type           Power      Damage    Failure   Level
 Ensorcelled Hibernation  Hex/Ice        4%         N/A       32%         2
 Spider Form              Tmut/Pois      2%         N/A       54%         3
 Anguish                  Hex/Necr       1%         N/A       91%         4


Dungeon Overview and Level Annotations

Branches:
Dungeon (6/15)             Temple (1/1) D:5

Altars:
Ashenzari
Cheibriados
Gozag
Nemelex Xobeh
Sif Muna
Trog
Uskayaw
Vehumet
Wu Jian
Zin
The Shining One


Innate Abilities, Weirdness & Mutations

You cannot wear most types of armour.
You are amphibious.
You can wear up to eight rings at the same time.
Your skin changes colour to match your surroundings (Stealth+).
Your rubbery body absorbs attacks. (AC +1, EV +1)
((You are camouflaged when in or above water. (Stealth+)))
You have tentacles for arms and can constrict up to eight enemies at once.


Message History

You barely miss the adder. Your grab misses the adder.
You feel very sick.
The adder bites you. x2; The adder barely misses you. x2
You closely miss the adder. Your grab misses the adder.
Your squeeze misses the adder.
You feel sick. The adder completely misses you. The adder barely misses you.
The adder bites you. The adder closely misses you.
The adder attacks as you move away! The adder barely misses you.
You feel sick. The adder closely misses you.
The adder bites you but does no damage. The adder bites you.
You are more poisoned.
The adder poisons you!
You feel sick. The adder misses you. The adder bites you.
* * * LOW HITPOINT WARNING * * *
The adder attacks as you move away! The adder misses you.
You feel sick. The adder attacks as you move away! The adder barely misses you.
You feel sick. The adder bites you.
* * * LOW HITPOINT WARNING * * *
You feel protected.
You feel sick. The adder barely misses you.
You puncture the adder!
You kill the adder!
You feel sick. The adder misses you.
You closely miss the adder. Your grab misses the adder.
You squeeze the adder, but do no damage.
You feel sick.
You are no longer poisoned.
The adder misses you. The adder closely misses you.
You closely miss the adder. Your grab misses the adder. You squeeze the adder!
The adder is severely wounded.
The adder bites you.
* * * LOW HITPOINT WARNING * * *
You are poisoned.
The adder poisons you! The adder bites you.
* * * LOW HITPOINT WARNING * * *
It was a potion of brilliance.
You feel clever all of a sudden.
* * * LOW HITPOINT WARNING * * *
You feel sick. The adder bites you.
You die...
Your body crumbles into a pile of gold.

#. #.........#####
#.######.#.#####.####.
#.....................
#.?......#...###.#####
#........###.# #.#
####$.......# #.###.#####
#......###### #.#........
#......########.....>####
#......S@.......#....#
#......##########....#
#......# #....# #......#
#....# #......# #....#
#......# #....# ########
#....# #....# ######


You could see an adder.

Vanquished Creatures
  Sigmund (D:4)
  A black bear (D:6)
  An ice beast (D:6)
  An ogre (D:5)
  A phantom (D:6)
  A scorpion (D:4)
  A hound (D:5)
  4 iguanas
  Ijyb (D:3)
  Terence (D:3)
  Robin (D:3)
  5 adders
  2 ufetubi (D:5)
  4 worms
  4 dart slugs
  8 orcs (D:3)
  7 ball pythons
  4 bats
  7 endoplasms
  5 giant cockroaches
  12 goblins
  10 hobgoblins
  3 jackals (D:1)
  5 quokkas
  5 frilled lizards
  13 kobolds
  2 rats
110 creatures vanquished.

Vanquished Creatures (others)
  A goblin (D:3)
1 creature vanquished.

Grand Total: 111 creatures vanquished

Notes
Turn   | Place    | Note
-------+----------+-------------------------------------------
     0 | D:5      | Esekla the Octopode Delver began the quest for the Orb.
     0 | D:5      | Reached XP level 1. HP: 16/16 MP: 1/1
    27 | D:5      | Found a staircase to the Ecumenical Temple.
    45 | Temple   | Entered the Ecumenical Temple
    51 | Temple   | Became a worshipper of Gozag Ym Sagoz the Greedy
    74 | D:5      | Noticed an ice beast
   239 | D:4      | Noticed Sigmund
   244 | D:4      | Killed Sigmund
   245 | D:4      | Reached skill level 8 in Stealth
   245 | D:4      | Reached skill level 1 in Spellcasting
   245 | D:4      | Reached XP level 2. HP: 22/22 MP: 1/3
   245 | D:4      | Reached XP level 3. HP: 27/27 MP: 1/4
   245 | D:4      | Reached XP level 4. HP: 33/33 MP: 1/5
   245 | D:4      | Reached XP level 5. HP: 37/37 MP: 1/6
   306 | D:3      | Identified the +9 rapier "Mon Luy" {heavy, Will+ SInv}
  1117 | D:1      | Upgraded the game from 0.31-a0-117-g42d8f58691 to
                  | 0.31-a0-121-g1e386dd289
  1117 | D:1      | Upgraded the game from 0.31-a0-121-g1e386dd289 to
                  | 0.31-a0-133-gaae73658be
  1640 | D:2      | Reached XP level 6. HP: 43/43 MP: 8/8
  1841 | D:2      | Found an ornate altar of the Wu Jian Council.
  2049 | D:3      | Noticed Robin
  2050 | D:3      | Noticed Ijyb
  2059 | D:3      | Killed Ijyb
  2065 | D:3      | Killed Robin
  2066 | D:3      | Noticed Terence
  2127 | D:3      | Killed Terence
  2128 | D:3      | Reached skill level 1 in Short Blades
  2213 | D:3      | Found a bloodstained altar of Trog.
  3203 | D:4      | Reached skill level 9 in Stealth
  3203 | D:4      | Reached XP level 7. HP: 49/49 MP: 8/10
  4232 | D:6      | Reached XP level 8. HP: 12/54 MP: 11/11
  4436 | D:6      | HP: 2/54 [poisoned by an adder]
  4436 | D:6      | Slain by an adder

Illustrated notes

Levels and vault maps discovered:
D:1:      elethiomel_arrival_shortcut, layout_basic
D:2:      minmay_thinvault, layout_loops_ring, basic_altar
D:3:      layout_basic, trog_hazing_becter, nicolae_goblin_pals, uniq_robin,
          uniq_terence
D:4:      layout_basic, uniq_sigmund
D:5:      layout_basic, minmay_temple_entry_statues
D:6:      layout_rooms, serial_shops, shop, uniq_duvessa
Temple:   compressed_dpeg_triangle_lava_temple

Skill      XL: |  1  2  3  4  5  6  7 |
---------------+----------------------+-----
Fighting       | 4 |  4.8
Stealth        | 8 9 |  9.9
Spellcasting   | 1 2 |  2.7
Short Blades   | 1 2 |  2.5
Long Blades    | 3 |  3.6
Dodging        | 3 |  3.5
Throwing       | |  0.6

Action                     |  1- 3 |  4- 6 |  7- 9 || total
---------------------------+-------+-------+-------++-------
  Melee: Dagger            |     2 |     1 |     5 ||     8
         Constrict         |     1 |    15 |     2 ||    18
         Tentacles         |     1 |     7 |     6 ||    14
         Falchion          |     1 |     2 |       ||     3
         Rapier            |       |   116 |    30 ||   146
         Punch             |       |     1 |       ||     1
  Throw: Dart              |       |       |     5 ||     5
         Boomerang         |       |       |     1 ||     1
    Use: Scroll            |     1 |     4 |       ||     5
         Potion            |       |       |     2 ||     2
   Stab: Sleeping          |     2 |    40 |     4 ||    46
 Armour: Skin              |       |     8 |     4 ||    12
  Dodge: Dodged            |     1 |    72 |    46 ||   119

Table legend: (Time is in decaauts)
 A = Elapsed time spent in this place.
 B = Non-inter-level travel time spent in this place.
 C = Inter-level travel time spent in this place.
 D = Time resting spent in this place.
 E = Time spent auto-exploring this place.
 F = Levels seen in this place.
 G = Mean time per level.
                   A        B        C        D        E       F      G
               +--------+--------+--------+--------+--------+-----+--------+
         Total |   4528 |   4309 |    219 |    595 |   1432 |   7 |  646.9 |
       Dungeon |   4516 |   4303 |    213 |    595 |   1432 |   6 |  752.7 |
        Temple |     12 |      6 |      6 |      0 |      0 |   1 |   12.0 |
               +--------+--------+--------+--------+--------+-----+--------+

Top non-repeatable levels by time:
     D:3: 1170 daAuts
     D:5: 1109 daAuts
     D:2: 909 daAuts
     D:1: 700 daAuts
     D:4: 500 daAuts
     D:6: 126 daAuts
  Temple: 12 daAuts
